 Dungeon Crawl Stone Soup version 0.30.0-29-ga12c61a403 (webtiles) character file.

Game seed: 7987470336904251716

34702 qw the Cleaver (level 13, -2/84 HPs)
             Began as a Gargoyle Fighter on June 5, 2023.
             Was an Elder of Okawaru.
             Killed from afar by an oklob plant (4 damage)
             ... with a splash of acid
             ... on level 4 of the Lair of Beasts.
             The game lasted 00:07:41 (15880 turns).

qw the Cleaver (Gargoyle Fighter)                  Turns: 15880, Time: 00:07:42

Health: -2/84      AC: 28    Str: 26    XL:     13   Next: 79%
Magic:  20/20      EV: 10    Int:  8    God:    Okawaru [****..]
Gold:   662        SH:  6    Dex:  9    Spells: 12/12 levels left

rFire   . . .        Y - +0 broad axe
rCold   . . .        c - +0 buckler
rNeg    + . .        l - +0 plate armour
rPois   inf          m - +0 helmet
rElec   +            o - +2 cloak {Stlth+}
rCorr   .            t - +1 pair of gloves
SInv    .            x - +0 pair of boots
Will    .....        f - amulet of faith Stlth
                     n - +4 ring of protection
HPRegen 0.34/turn    (no ring)
MPRegen 0.17/turn

%: faith
@: about to teleport, heroic, corroded
A: sickness immunity, AC +9, negative energy resistance 1, electricity
resistance, torment resistance 1, petrification resistance
a: Renounce Religion, Heroism, Finesse


You were on level 4 of the Lair of Beasts.
You worshipped Okawaru.
Okawaru was greatly pleased with you.
You visited 3 branches of the dungeon, and saw 16 of its levels.

You collected 904 gold pieces.
You spent 242 gold pieces at shops.


Innate Abilities, Weirdness & Mutations

You are immune to sickness and miasma.
Your stone body is resilient. (AC +9)
You are immune to poison.
You resist negative energy. (rN+)
You are resistant to electric shocks. (rElec)
You are resistant to unholy torment.
You are immune to petrification.


   Skills:
 - Level 11.0(16.0) Fighting
 - Level 14.0(19.0) Axes
 - Level 5.0(10.0) Throwing
 + Level 10.1(15.1) Armour
 - Level 2.3(7.3) Dodging
 - Level 7.0(12.0) Shields
 - Level 10.0 Invocations


You had 12 spell levels left.
You didn't know any spells.
Your spell library was empty.

Inventory:

Hand Weapons
 k - the +3 flail of Gluttony {protect, rF+ rN+}
   (You found it on level 3 of the Dungeon)

   rF:        It protects you from fire.
   rN:        It protects you from negative energy.
 w - a +4 morningstar
 Y - a +0 broad axe (weapon)
Missiles
 v - 6 boomerangs (quivered)
Armour
 c - a +0 buckler (worn)
 l - a +0 plate armour (worn)
 m - a +0 helmet (worn)
 o - a +2 cloak of stealth (worn)
 t - a +1 pair of gloves (worn)
 x - a +0 pair of boots (worn)
Jewellery
 f - an amulet of faith (around neck)
 h - an amulet of regeneration
 n - a +4 ring of protection (left hand)
Wands
 e - a wand of digging (6)
Scrolls
 g - 3 scrolls of identify
Potions
 a - 3 potions of mutation
 d - 3 potions of might
 i - a potion of lignification
 j - 7 potions of curing
 p - a potion of attraction
 q - a potion of cancellation
 r - a potion of haste
 s - 3 potions of magic

Dungeon Overview and Level Annotations

Branches:
Dungeon (11/15)            Temple (1/1) D:4            Lair (4/5) D:10
  Swamp (0/4) Lair:3        Snake (0/4) Lair:2        Slime (0/5) Lair:4
    Orc (0/2) D:9

Altars:
Ashenzari
Cheibriados
Dithmenos
Elyvilon
Fedhas
Gozag
Hepliaklqana
Kikubaaqudgha
Makhleb
Nemelex Xobeh
Okawaru
Qazlal
Ru
Sif Muna
Trog
Uskayaw
Vehumet
Wu Jian
Xom
Yredelemnul
Zin
The Shining One
Jiyva

Shops:
D:4 (   D:5 !   D:9 (

Annotations:
Lair:3 3 runed translucent doors, qw's ghost, journeyman GrFi


Message History

Enter note:
Enter note:
Enter note:
Enter note:
Enter note:
Enter note:
Enter note:
Enter note: You hit the oklob plant.
The oklob plant is lightly damaged.
You slash the oklob plant!
The oklob plant is moderately damaged.
You slice the oklob plant!!
The oklob plant is severely damaged.
The oklob plant spits acid at you. The splash of acid hits you!
You completely miss the oklob plant.
The oklob plant is severely damaged.
You slash the oklob plant!
The oklob plant is almost destroyed.
You hit the oklob plant but do no damage.
The oklob plant is almost destroyed.
The oklob plant spits acid at you. You block the splash of acid.
The oklob plant spits acid at you. The splash of acid hits you!!
The acid corrodes you!
15879 ||| READING scroll of teleportation.
As you read the scroll of teleportation, it crumbles to dust.
You feel strangely unstable. The oklob plant spits acid at you.
The splash of acid hits you! The oklob plant spits acid at you.
The splash of acid hits you!! The acid corrodes you!
You hit the oklob plant.
You destroy the oklob plant!
Okawaru accepts your kill. Okawaru grants you throwing weapons!
Something appears at your feet! The oklob plant spits acid at you.
The splash of acid hits you.
You die...

#P### ..#... ###### .#......
##.#..# ......###....###
#....#...[....## #..
##.###........@.....##...#
#.#.#............P...#.....
##...#..#...#..P>.......#.. ###
##.P..## #....(.._.......#..##.#
#.....#.##..##..................
##......#...$..#........#........
#...............%<...............
....P#.......#.#........###......
#........####.#.#..P.....#......#


You could see 2 oklob plants.

Vanquished Creatures
  3 hydras (Lair:4)
  A catoblepas (Lair:4)
  Erica (Lair:2)
  A two-headed ogre (D:10)
  3 death yaks (D:10)
  Nergalle (D:10)
  A skyshark (Lair:3)
  An oklob plant (Lair:4)
  11 elephants (Lair:4)
  4 black mambas
  Maurice (D:8)
  8 cane toads
  3 rime drakes
  8 komodo dragons
  A troll (D:10)
  3 polar bears
  6 blink frogs (Lair:1)
  16 dream sheep
  A shadow (D:10)
  A wraith (D:9)
  2 wyverns
  33 yaks
  8 vampire mosquitoes
  2 basilisks
  2 steam dragons
  6 water moccasins
  A sky beast (D:6)
  11 orc warriors
  2 black bears
  2 ice beasts (D:6)
  13 wolves
  2 centaurs
  A phantom (D:4)
  2 kobold brigands
  5 bullfrogs
  A scorpion (D:5)
  A gnoll sergeant (D:8)
  6 wights
  14 killer bees
  6 howler monkeys
  A hound (D:6)
  4 jellies
  8 orc priests
  A gnoll bouda (D:6)
  4 iguanas
  9 orc wizards
  2 sleepcaps
  11 hell rats
  11 gnolls
  9 adders
  5 river rats (Lair:1)
  A white imp (D:5)
  A worm (D:4)
  A dart slug (D:3)
  47 orcs
  7 ball pythons
  2 bats (D:2)
  4 endoplasms
  A giant cockroach (D:1)
  11 goblins
  4 hobgoblins
  5 jackals
  5 quokkas
  2 frilled lizards
  18 kobolds
  11 rats
380 creatures vanquished.

Notes
Turn   | Place    | Note
-------+----------+-------------------------------------------
     0 | D:1      | qw the Gargoyle Fighter began the quest for the Orb.
     0 | D:1      | Reached XP level 1. HP: 14/14 MP: 1/1
     0 | D:1      | 0 ||| qw: Version: 0.2-a-108-gee2c290
     0 | D:1      | 0 ||| qw: Game counter: 1343
     0 | D:1      | 0 ||| qw: Always use a shield: true
     0 | D:1      | 0 ||| qw: God list: Okawaru
     0 | D:1      | 0 ||| qw: Allow faded altars: false
     0 | D:1      | 0 ||| qw: Do Orc after D:15 true
     0 | D:1      | 0 ||| qw: Do second Lair branch before Depths: true
     0 | D:1      | 0 ||| qw: Lair rune preference: random
     0 | D:1      | 0 ||| qw: Plans: Normal, Zot:1-4, Slime:5, God:TSO, Crypt,
                  | Tomb, Abyss, Pan, Hells, Win
     0 | D:1      | 0 ||| PLANNING D:1-11
   113 | D:1      | Reached skill level 2 in Axes
   221 | D:1      | Reached XP level 2. HP: 17/19 MP: 2/2
   657 | D:1      | 657 ||| READING scroll labelled UMUXERUS BITI.
   658 | D:1      | 658 ||| READING 2 scrolls labelled SIERPH PERGHUWERE.
   659 | D:1      | 659 ||| READING scroll labelled HEAQOUGREYLO.
   690 | D:2      | Reached skill level 3 in Axes
   690 | D:2      | Reached XP level 3. HP: 16/23 MP: 3/3
   715 | D:2      | 715 ||| Stepping ~*~*~tactically~*~*~ (stealth).
   727 | D:2      | 727 ||| Stepping ~*~*~tactically~*~*~ (stealth).
   733 | D:2      | 733 ||| Stepping ~*~*~tactically~*~*~ (stealth).
  1161 | D:2      | Reached skill level 1 in Throwing
  1409 | D:2      | 1409 ||| Stepping ~*~*~tactically~*~*~ (stealth).
  1411 | D:2      | 1411 ||| Stepping ~*~*~tactically~*~*~ (hiding).
  1521 | D:2      | 1521 ||| READING scroll of enchant weapon.
  1521 | D:2      | 1521 ||| ENCHANTING +1 war axe.
  1583 | D:2      | Reached XP level 4. HP: 28/28 MP: 4/4
  1683 | D:2      | 1683 ||| DROPPING +0 mace.
  1748 | D:2      | 1748 ||| UPGRADING to amulet of faith.
  1753 | D:2      | 1753 ||| READING scroll labelled IRUQINOSS.
  1754 | D:2      | 1754 ||| READING scroll labelled WAONLI ZEPHUKK.
  1755 | D:2      | 1755 ||| READING 2 scrolls of identify.
  1755 | D:2      | 1755 ||| IDENTIFYING fizzy white potion
  1985 | D:3      | Identified the +3 flail of Gluttony {protect, rF+ rN+}
  1987 | D:3      | 1987 ||| DROPPING +0 flail.
  2047 | D:3      | Reached skill level 4 in Axes
  2048 | D:3      | 2048 ||| FLEEEEING.
  2049 | D:3      | 2049 ||| FLEEEEING.
  2050 | D:3      | 2050 ||| FLEEEEING.
  2051 | D:3      | 2051 ||| FLEEEEING.
  2052 | D:3      | 2052 ||| FLEEEEING.
  2053 | D:3      | 2053 ||| FLEEEEING.
  2054 | D:3      | 2054 ||| FLEEEEING.
  2055 | D:3      | 2055 ||| FLEEEEING.
  2056 | D:3      | 2056 ||| FLEEEEING.
  2057 | D:3      | 2057 ||| FLEEEEING.
  2058 | D:3      | 2058 ||| FLEEEEING.
  2058 | D:3      | HP: 2/28 [orc priest/divine providence (13)]
  2059 | D:3      | 2059 ||| FLEEEEING.
  2060 | D:3      | 2060 ||| FLEEEEING.
  2061 | D:3      | 2061 ||| FLEEEEING.
  2062 | D:3      | 2062 ||| FLEEEEING.
  2063 | D:3      | 2063 ||| FLEEEEING.
  2064 | D:3      | 2064 ||| FLEEEEING.
  2065 | D:3      | 2065 ||| FLEEEEING.
  2066 | D:3      | 2066 ||| FLEEEEING.
  2067 | D:3      | 2067 ||| FLEEEEING.
  2068 | D:3      | 2068 ||| FLEEEEING.
  2069 | D:3      | 2069 ||| FLEEEEING.
  2070 | D:3      | 2070 ||| FLEEEEING.
  2071 | D:3      | 2071 ||| FLEEEEING.
  2072 | D:3      | 2072 ||| FLEEEEING.
  2073 | D:3      | 2073 ||| FLEEEEING.
  2074 | D:3      | 2074 ||| STAIRDANCE
  2165 | D:2      | 2165 ||| READING scroll labelled RAISHE POME.
  2166 | D:2      | 2166 ||| DRINKING 4 viscous red potions.
  2167 | D:2      | 2167 ||| READING 2 scrolls of identify.
  2167 | D:2      | 2167 ||| IDENTIFYING sedimented emerald potion
  2172 | D:3      | 2172 ||| Stepping ~*~*~tactically~*~*~ (hiding).
  2179 | D:3      | Reached XP level 5. HP: 25/32 MP: 5/5
  2305 | D:3      | Found a broken altar of Ashenzari.
  2339 | D:3      | 2339 ||| Stepping ~*~*~tactically~*~*~ (stealth).
  2348 | D:3      | 2348 ||| Stepping ~*~*~tactically~*~*~ (stealth).
  2351 | D:3      | 2351 ||| Stepping ~*~*~tactically~*~*~ (stealth).
  2362 | D:3      | 2362 ||| Stepping ~*~*~tactically~*~*~ (stealth).
  2374 | D:3      | 2374 ||| Stepping ~*~*~tactically~*~*~ (stealth).
  2383 | D:3      | 2383 ||| Stepping ~*~*~tactically~*~*~ (stealth).
  2384 | D:3      | 2384 ||| Stepping ~*~*~tactically~*~*~ (stealth).
  2573 | D:3      | 2573 ||| Stepping ~*~*~tactically~*~*~ (stealth).
  2587 | D:3      | 2587 ||| Stepping ~*~*~tactically~*~*~ (hiding).
  2810 | D:3      | 2810 ||| UPGRADING to +0 helmet.
  2815 | D:3      | 2815 ||| UPGRADING to +4 ring of protection.
  2911 | D:4      | 2911 ||| Stepping ~*~*~tactically~*~*~ (stealth).
  2914 | D:4      | Noticed a phantom
  2916 | D:4      | Reached skill level 5 in Axes
  2925 | D:4      | Killed a phantom
  2926 | D:4      | Reached XP level 6. HP: 34/39 MP: 6/6
  2926 | D:4      | 2926 ||| FLEEEEING.
  2927 | D:4      | 2927 ||| FLEEEEING.
  2928 | D:4      | 2928 ||| FLEEEEING.
  2972 | D:4      | Found a staircase to the Ecumenical Temple.
  2973 | D:4      | 2973 ||| PLANNING TEMPLE
  2981 | Temple   | Entered the Ecumenical Temple
  3028 | Temple   | 3028 ||| PLANNING OKAWARU WORSHIP
  3092 | Temple   | Became a worshipper of Warmaster Okawaru
  3092 | Temple   | 3092 ||| PLANNING D:1-11
  3233 | D:4      | Found Emeecyth's Firing Range.
  3533 | D:4      | 3533 ||| Stepping ~*~*~tactically~*~*~ (hiding).
  3814 | D:4      | Reached skill level 1 in Dodging
  3852 | D:4      | Found a shimmering blue altar of Sif Muna.
  4209 | D:4      | 4209 ||| UPGRADING to +0 chain mail.
  4219 | D:4      | 4219 ||| DROPPING +0 scale mail.
  4220 | D:4      | 4220 ||| UPGRADING to +0 cloak.
  4225 | D:4      | 4225 ||| READING scroll labelled ATIADO TUQO.
  4226 | D:4      | 4226 ||| DRINKING 2 viscous purple potions.
  4305 | D:5      | Entered Level 5 of the Dungeon
  4308 | D:5      | 4308 ||| STAIRDANCE
  4354 | D:5      | Found Ymoti's Distillery.
  4365 | D:5      | 4365 ||| BUYING 2 potions of curing (66 gold).
  4365 | D:5      | Bought 2 potions of curing for 66 gold pieces
  4365 | D:5      | 4365 ||| BUYING 2 potions of mutation (176 gold).
  4365 | D:5      | Bought 2 potions of mutation for 176 gold pieces
  4365 | D:5      | 4365 ||| SHOPLISTING 3 potions of attraction (99 gold, have
                  | 15).
  4365 | D:5      | 4365 ||| SHOPLISTING potion of heal wounds (55 gold, have
                  | 15).
  4365 | D:5      | 4365 ||| SHOPLISTING potion of might (44 gold, have 15).
  4562 | D:5      | Reached XP level 7. HP: 16/44 MP: 7/7
  4724 | D:5      | Reached skill level 6 in Axes
  4756 | D:5      | Reached * piety under Okawaru
  4757 | D:5      | 4757 ||| INVOKING Heroism.
  4988 | D:5      | Identified the +0 scale mail of Hixut {Harm Rampage}
  4993 | D:5      | 4993 ||| INVOKING Heroism.
  4996 | D:5      | Reached skill level 1 in Invocations
  4998 | D:5      | Reached skill level 7 in Axes
  5007 | D:5      | 5007 ||| INVOKING Heroism.
  5008 | D:5      | 5008 ||| INVOKING Heroism.
  5252 | D:5      | 5252 ||| READING scroll labelled MECUAKKACU.
  5256 | D:5      | 5256 ||| READING scroll labelled FIRION QUOH.
  5257 | D:5      | 5257 ||| DRINKING 2 bubbling emerald potions.
  5275 | D:6      | Reached XP level 8. HP: 43/49 MP: 8/10
  5380 | D:6      | 5380 ||| INVOKING Heroism.
  5389 | D:6      | Reached skill level 3 in Invocations
  5511 | D:6      | 5511 ||| Stepping ~*~*~tactically~*~*~ (hiding).
  5579 | D:6      | 5579 ||| INVOKING Heroism.
  5680 | D:6      | 5680 ||| INVOKING Heroism.
  5991 | D:6      | Found a hide-covered altar of Uskayaw.
  5991 | D:6      | Found a stormy altar of Qazlal.
  6135 | D:6      | 6135 ||| READING 3 scrolls of identify.
  6135 | D:6      | 6135 ||| IDENTIFYING inky potion
  6136 | D:6      | 6136 ||| READING 2 scrolls of identify.
  6136 | D:6      | 6136 ||| IDENTIFYING grey potion
  6137 | D:6      | 6137 ||| DROPPING potion of degeneration.
  6138 | D:6      | 6138 ||| DROPPING potion of ambrosia.
  6218 | D:7      | Found a shadowy altar of Dithmenos.
  6261 | D:7      | 6261 ||| Stepping ~*~*~tactically~*~*~ (hiding).
  6346 | D:7      | 6346 ||| FLEEEEING.
  6347 | D:7      | 6347 ||| FLEEEEING.
  6348 | D:7      | 6348 ||| FLEEEEING.
  6359 | D:7      | 6359 ||| FLEEEEING.
  6360 | D:7      | 6360 ||| STAIRDANCE
  6389 | D:6      | 6389 ||| READING 2 scrolls of identify.
  6389 | D:6      | 6389 ||| IDENTIFYING sapphire potion
  6390 | D:6      | 6390 ||| DROPPING potion of brilliance.
  6393 | D:7      | 6393 ||| INVOKING Heroism.
  6447 | D:7      | 6447 ||| INVOKING Heroism.
  6464 | D:7      | Reached skill level 8 in Axes
  6534 | D:7      | 6534 ||| INVOKING Heroism.
  6635 | D:7      | 6635 ||| INVOKING Heroism.
  6642 | D:7      | Reached XP level 9. HP: 35/54 MP: 9/12
  6946 | D:7      | 6946 ||| UPGRADING to +0 plate armour.
  6956 | D:7      | 6956 ||| DROPPING +0 chain mail.
  6957 | D:7      | 6957 ||| DROPPING +0 robe of resistance.
  7049 | D:8      | 7049 ||| Stepping ~*~*~tactically~*~*~ (hiding).
  7052 | D:8      | 7052 ||| Stepping ~*~*~tactically~*~*~ (hiding).
  7141 | D:8      | 7141 ||| Stepping ~*~*~tactically~*~*~ (stealth).
  7331 | D:8      | Noticed Maurice
  7332 | D:8      | 7332 ||| Stepping ~*~*~tactically~*~*~ (hiding).
  7378 | D:8      | 7378 ||| DRINKING 7 potions of curing.
  7378 | D:8      | 7378 ||| (to cure confusion)
  7380 | D:8      | 7380 ||| DRINKING 6 potions of curing.
  7380 | D:8      | 7380 ||| (to cure confusion)
  7381 | D:8      | Killed Maurice
  7381 | D:8      | Reached ** piety under Okawaru
  7445 | D:8      | 7445 ||| Stepping ~*~*~tactically~*~*~ (stealth).
  7446 | D:8      | 7446 ||| INVOKING Heroism.
  7463 | D:8      | 7463 ||| INVOKING Heroism.
  7471 | D:8      | 7471 ||| Stepping ~*~*~tactically~*~*~ (cloud).
  7510 | D:8      | Found a shimmering altar of Xom.
  7577 | D:8      | You fall into a shaft and drop 3 floors!
  7586 | D:11     | 7586 ||| Stepping ~*~*~tactically~*~*~ (hiding).
  7587 | D:11     | 7587 ||| Stepping ~*~*~tactically~*~*~ (hiding).
  7601 | D:11     | Reached skill level 9 in Axes
  7622 | D:11     | Noticed a komodo dragon
  7623 | D:11     | 7623 ||| Stepping ~*~*~tactically~*~*~ (stealth).
  7625 | D:11     | 7625 ||| INVOKING Heroism.
  7629 | D:11     | 7629 ||| Stepping ~*~*~tactically~*~*~ (stealth).
  7630 | D:11     | 7630 ||| Stepping ~*~*~tactically~*~*~ (stealth).
  7637 | D:11     | Killed a komodo dragon
  7637 | D:11     | Reached *** piety under Okawaru
  7638 | D:11     | Reached skill level 6 in Armour
  7644 | D:11     | Reached XP level 10. HP: 58/63 MP: 13/13
  7773 | D:11     | Identified the +4 rapier of Plog {flame, rC- Int+5 SInv}
  7774 | D:11     | 7774 ||| Stepping ~*~*~tactically~*~*~ (stealth).
  7776 | D:11     | 7776 ||| Stepping ~*~*~tactically~*~*~ (stealth).
  7778 | D:11     | 7778 ||| Stepping ~*~*~tactically~*~*~ (hiding).
  7784 | D:11     | 7784 ||| INVOKING Heroism.
  7809 | D:11     | 7809 ||| UPGRADING to +2 cloak of stealth.
  7819 | D:11     | 7819 ||| DROPPING +0 cloak.
  7820 | D:11     | 7820 ||| UPGRADING to +1 pair of gloves.
  7833 | D:10     | Entered Level 10 of the Dungeon
  7857 | D:10     | 7857 ||| READING 2 scrolls of identify.
  7857 | D:10     | 7857 ||| IDENTIFYING fizzy sapphire potion
  7880 | D:9      | Reached skill level 10 in Axes
  7880 | D:9      | 7880 ||| INVOKING Heroism.
  7888 | D:9      | Reached **** piety under Okawaru
  7901 | D:9      | 7901 ||| INVOKING Heroism.
  7906 | D:9      | HP: 12/64 [killer bee (7)]
  7907 | D:9      | 7907 ||| READING 2 scrolls of teleportation.
  7908 | D:9      | 7908 ||| DRINKING potion of heal wounds.
  7951 | D:9      | 7951 ||| FLEEEEING.
  7953 | D:9      | 7953 ||| FLEEEEING.
  7954 | D:9      | 7954 ||| FLEEEEING.
  7955 | D:9      | 7955 ||| STAIRDANCE
  8322 | D:8      | 8322 ||| READING 2 scrolls of identify.
  8322 | D:8      | 8322 ||| IDENTIFYING fizzy silvery potion
  8459 | D:9      | Found a staircase to the Orcish Mines.
  8460 | D:9      | 8460 ||| Stepping ~*~*~tactically~*~*~ (hiding).
  8463 | D:9      | 8463 ||| INVOKING Heroism.
  8477 | D:9      | 8477 ||| Stepping ~*~*~tactically~*~*~ (hiding).
  8498 | D:9      | 8498 ||| INVOKING Heroism.
  8535 | D:9      | 8535 ||| INVOKING Heroism.
  8550 | D:9      | Reached skill level 6 in Invocations
  8579 | D:9      | 8579 ||| DROPPING +0 morningstar.
  8683 | D:9      | 8683 ||| INVOKING Heroism.
  8684 | D:9      | 8684 ||| Stepping ~*~*~tactically~*~*~ (stealth).
  8685 | D:9      | 8685 ||| Stepping ~*~*~tactically~*~*~ (hiding).
  8686 | D:9      | 8686 ||| Stepping ~*~*~tactically~*~*~ (hiding).
  8815 | D:9      | Found Jyudwowk's Weapon Shop.
  8946 | D:9      | 8946 ||| UPGRADING to +0 pair of boots.
  8951 | D:9      | 8951 ||| READING scroll labelled ABRARIASCHO.
  9101 | D:10     | Noticed a two-headed ogre
  9102 | D:10     | 9102 ||| INVOKING Heroism.
  9109 | D:10     | Killed a two-headed ogre
  9110 | D:10     | Reached XP level 11. HP: 48/68 MP: 13/16
  9126 | D:10     | 9126 ||| Stepping ~*~*~tactically~*~*~ (stealth).
  9142 | D:10     | 9142 ||| Stepping ~*~*~tactically~*~*~ (stealth).
  9394 | D:10     | 9394 ||| READING scroll of enchant weapon.
  9394 | D:10     | 9394 ||| ENCHANTING +2 war axe.
  9440 | D:10     | Reached ***** piety under Okawaru
  9452 | D:10     | Noticed a death yak
  9452 | D:10     | Noticed a death yak
  9453 | D:10     | 9453 ||| INVOKING Heroism.
  9455 | D:10     | Noticed a death yak
  9455 | D:10     | Noticed Nergalle
  9462 | D:10     | Killed a death yak
  9463 | D:10     | 9463 ||| INVOKING Finesse.
  9472 | D:10     | Killed a death yak
  9477 | D:10     | Killed a death yak
  9483 | D:10     | HP: 17/68 [Nergalle/+0 dagger (4)]
  9484 | D:10     | 9484 ||| READING scroll of teleportation.
  9744 | D:10     | Found a staircase to the Lair.
  9855 | D:10     | 9855 ||| INVOKING Heroism.
 10007 | D:10     | 10007 ||| INVOKING Heroism.
 10013 | D:10     | Reached skill level 3 in Throwing
 10059 | D:10     | 10059 ||| INVOKING Heroism.
 10060 | D:10     | 10060 ||| SWAPPING to +0 broad axe.
 10076 | D:10     | Killed Nergalle
 10083 | D:10     | 10083 ||| DROPPING +3 war axe.
 10291 | D:10     | 10291 ||| PLANNING LAIR
 10291 | D:10     | 10291 ||| READING scroll labelled ZEGINL JICVOHU.
 10342 | Lair:1   | Entered Level 1 of the Lair of Beasts
 10343 | Lair:1   | 10343 ||| INVOKING Heroism.
 10384 | Lair:1   | 10384 ||| INVOKING Heroism.
 10390 | Lair:1   | Reached skill level 11 in Axes
 10390 | Lair:1   | Reached skill level 9 in Invocations
 10415 | Lair:1   | 10415 ||| Stepping ~*~*~tactically~*~*~ (stealth).
 10442 | Lair:1   | Received a gift from Okawaru
 10447 | Lair:1   | 10447 ||| Stepping ~*~*~tactically~*~*~ (stealth).
 10509 | Lair:1   | 10509 ||| Stepping ~*~*~tactically~*~*~ (stealth).
 10520 | Lair:1   | 10520 ||| INVOKING Heroism.
 10526 | Lair:1   | 10526 ||| Stepping ~*~*~tactically~*~*~ (stealth).
 10613 | Lair:1   | 10613 ||| FLEEEEING.
 10614 | Lair:1   | 10614 ||| FLEEEEING.
 10615 | Lair:1   | 10615 ||| FLEEEEING.
 10616 | Lair:1   | 10616 ||| FLEEEEING.
 10617 | Lair:1   | 10617 ||| FLEEEEING.
 10618 | Lair:1   | 10618 ||| FLEEEEING.
 10619 | Lair:1   | 10619 ||| FLEEEEING.
 10620 | Lair:1   | 10620 ||| FLEEEEING.
 10621 | Lair:1   | 10621 ||| FLEEEEING.
 10622 | Lair:1   | 10622 ||| FLEEEEING.
 10688 | Lair:1   | Reached skill level 9 in Fighting
 10760 | Lair:1   | 10760 ||| INVOKING Heroism.
 10823 | Lair:1   | 10823 ||| INVOKING Heroism.
 10920 | Lair:1   | 10920 ||| Stepping ~*~*~tactically~*~*~ (water).
 10931 | Lair:1   | Received a gift from Okawaru
 10932 | Lair:1   | Reached XP level 12. HP: 66/76 MP: 19/19
 11009 | Lair:1   | Reached skill level 9 in Armour
 11190 | Lair:1   | 11190 ||| Stepping ~*~*~tactically~*~*~ (stealth).
 11192 | Lair:1   | 11192 ||| Stepping ~*~*~tactically~*~*~ (stealth).
 11195 | Lair:1   | 11195 ||| Stepping ~*~*~tactically~*~*~ (stealth).
 11209 | Lair:1   | 11209 ||| INVOKING Heroism.
 11364 | Lair:1   | 11364 ||| INVOKING Heroism.
 11365 | Lair:1   | 11365 ||| Stepping ~*~*~tactically~*~*~ (stealth).
 11367 | Lair:1   | 11367 ||| Stepping ~*~*~tactically~*~*~ (stealth).
 11513 | Lair:1   | 11513 ||| Stepping ~*~*~tactically~*~*~ (stealth).
 11515 | Lair:1   | 11515 ||| INVOKING Heroism.
 11521 | Lair:1   | Reached skill level 12 in Axes
 11625 | Lair:1   | 11625 ||| INVOKING Heroism.
 11838 | Lair:1   | 11838 ||| INVOKING Heroism.
 11999 | Lair:1   | 11999 ||| DROPPING ring of magical power.
 12000 | Lair:1   | 12000 ||| READING 4 scrolls of identify.
 12000 | Lair:1   | 12000 ||| IDENTIFYING glowing yellow potion
 12001 | Lair:1   | 12001 ||| READING 3 scrolls of identify.
 12001 | Lair:1   | 12001 ||| IDENTIFYING purple potion
 12002 | Lair:1   | 12002 ||| DROPPING potion of berserk rage.
 12003 | Lair:1   | 12003 ||| DROPPING potion of flight.
 12055 | Lair:2   | Reached skill level 6 in Shields
 12199 | Lair:2   | Noticed Erica
 12228 | Lair:2   | 12228 ||| INVOKING Heroism.
 12229 | Lair:2   | 12229 ||| INVOKING Finesse.
 12235 | Lair:2   | Killed Erica
 12408 | Lair:2   | 12408 ||| INVOKING Heroism.
 12604 | Lair:2   | Found a staircase to the Snake Pit.
 12629 | Lair:2   | 12629 ||| INVOKING Heroism.
 12721 | Lair:2   | 12721 ||| INVOKING Heroism.
 13216 | Lair:2   | 13216 ||| READING scroll labelled TOZAZXU PUDAL.
 13217 | Lair:2   | 13217 ||| DRINKING 2 emerald potions.
 13232 | Lair:3   | Found a runed translucent gate.
 13232 | Lair:3   | Found a runed translucent gate.
 13232 | Lair:3   | Found a runed translucent gate.
 13233 | Lair:3   | Noticed a five-headed hydra
 13268 | Lair:3   | Received a gift from Okawaru
 13325 | Lair:3   | Noticed qw's ghost (journeyman GrFi)
 13335 | Lair:3   | 13335 ||| INVOKING Heroism.
 13487 | Lair:3   | 13487 ||| INVOKING Heroism.
 13490 | Lair:3   | Received a gift from Okawaru
 13605 | Lair:3   | 13605 ||| INVOKING Heroism.
 13769 | Lair:3   | Found a staircase to the Swamp.
 13770 | Lair:3   | 13770 ||| Stepping ~*~*~tactically~*~*~ (water).
 13793 | Lair:3   | Reached XP level 13. HP: 82/82 MP: 20/20
 13804 | Lair:3   | 13804 ||| Stepping ~*~*~tactically~*~*~ (stealth).
 13807 | Lair:3   | 13807 ||| Stepping ~*~*~tactically~*~*~ (stealth).
 13812 | Lair:3   | Reached skill level 13 in Axes
 13817 | Lair:3   | 13817 ||| Stepping ~*~*~tactically~*~*~ (water).
 13978 | Lair:3   | 13978 ||| INVOKING Heroism.
 14129 | Lair:3   | 14129 ||| INVOKING Heroism.
 14208 | Lair:3   | 14208 ||| INVOKING Heroism.
 14567 | Lair:4   | 14567 ||| INVOKING Heroism.
 14739 | Lair:4   | 14739 ||| Stepping ~*~*~tactically~*~*~ (stealth).
 14740 | Lair:4   | 14740 ||| Stepping ~*~*~tactically~*~*~ (stealth).
 14753 | Lair:4   | 14753 ||| INVOKING Heroism.
 14763 | Lair:4   | 14763 ||| Stepping ~*~*~tactically~*~*~ (stealth).
 14776 | Lair:4   | 14776 ||| Stepping ~*~*~tactically~*~*~ (stealth).
 14777 | Lair:4   | 14777 ||| INVOKING Finesse.
 14779 | Lair:4   | 14779 ||| SWAPPING to +4 morningstar.
 14784 | Lair:4   | 14784 ||| SWAPPING to +0 broad axe.
 14822 | Lair:4   | 14822 ||| INVOKING Heroism.
 14825 | Lair:4   | 14825 ||| INVOKING Finesse.
 14828 | Lair:4   | 14828 ||| Stepping ~*~*~tactically~*~*~ (stealth).
 14831 | Lair:4   | 14831 ||| SWAPPING to +4 morningstar.
 14843 | Lair:4   | 14843 ||| SWAPPING to +0 broad axe.
 14947 | Lair:4   | 14947 ||| Stepping ~*~*~tactically~*~*~ (stealth).
 14948 | Lair:4   | 14948 ||| INVOKING Heroism.
 14949 | Lair:4   | 14949 ||| Stepping ~*~*~tactically~*~*~ (hiding).
 14950 | Lair:4   | 14950 ||| INVOKING Finesse.
 14978 | Lair:4   | 14978 ||| Stepping ~*~*~tactically~*~*~ (stealth).
 14980 | Lair:4   | 14980 ||| Stepping ~*~*~tactically~*~*~ (stealth).
 14981 | Lair:4   | 14981 ||| Stepping ~*~*~tactically~*~*~ (stealth).
 14982 | Lair:4   | 14982 ||| Stepping ~*~*~tactically~*~*~ (stealth).
 14993 | Lair:4   | 14993 ||| Stepping ~*~*~tactically~*~*~ (stealth).
 14998 | Lair:4   | 14998 ||| SWAPPING to +4 morningstar.
 15002 | Lair:4   | 15002 ||| SWAPPING to +0 broad axe.
 15061 | Lair:4   | Reached skill level 14 in Axes
 15142 | Lair:4   | 15142 ||| INVOKING Heroism.
 15180 | Lair:4   | 15180 ||| INVOKING Heroism.
 15268 | Lair:4   | 15268 ||| FLEEEEING.
 15291 | Lair:4   | 15291 ||| FLEEEEING.
 15292 | Lair:4   | 15292 ||| FLEEEEING.
 15293 | Lair:4   | 15293 ||| FLEEEEING.
 15294 | Lair:4   | 15294 ||| FLEEEEING.
 15295 | Lair:4   | 15295 ||| FLEEEEING.
 15296 | Lair:4   | 15296 ||| FLEEEEING.
 15297 | Lair:4   | 15297 ||| FLEEEEING.
 15298 | Lair:4   | 15298 ||| FLEEEEING.
 15299 | Lair:4   | 15299 ||| STAIRDANCE
 15379 | Lair:4   | 15379 ||| INVOKING Heroism.
 15383 | Lair:4   | 15383 ||| Stepping ~*~*~tactically~*~*~ (stealth).
 15384 | Lair:4   | 15384 ||| Stepping ~*~*~tactically~*~*~ (stealth).
 15575 | Lair:4   | Found a viscous altar of Jiyva.
 15576 | Lair:4   | Received a gift from Okawaru
 15617 | Lair:4   | Found a staircase to the Slime Pits.
 15618 | Lair:4   | 15618 ||| INVOKING Heroism.
 15622 | Lair:4   | 15622 ||| STAIRDANCE
 15780 | Lair:4   | 15780 ||| FLEEEEING.
 15781 | Lair:4   | 15781 ||| FLEEEEING.
 15782 | Lair:4   | 15782 ||| FLEEEEING.
 15783 | Lair:4   | 15783 ||| FLEEEEING.
 15784 | Lair:4   | 15784 ||| FLEEEEING.
 15785 | Lair:4   | 15785 ||| FLEEEEING.
 15786 | Lair:4   | 15786 ||| FLEEEEING.
 15866 | Lair:4   | 15866 ||| INVOKING Heroism.
 15879 | Lair:4   | 15879 ||| READING scroll of teleportation.
 15879 | Lair:4   | HP: 2/84 [oklob plant/splash of acid (21)]
 15880 | Lair:4   | Received a gift from Okawaru
 15880 | Lair:4   | Killed from afar by an oklob plant

Levels and vault maps discovered:
D:1:      onia_arrival_mini_maze_b, layout_basic
D:2:      layout_loops_ring, serial_co_window_serial, co_window_paths_b,
          co_window_paths_a, co_window_corner_a, co_window_paths_b,
          co_window_corner_a, co_window_2corner, co_window_corner_ca,
          co_window_corner_b, co_window_corner_ca, co_window_paths_d,
          glass_columns_a, kennysheep_crisscross, ebering_dispersal_statue_hall
D:3:      layout_basic, mainiacjoe_overflow_24_doors, grunt_decor_cap
D:4:      layout_basic, tgw_sif, temple_hall, chequers_big_river,
          grunt_decor_junction, nicolae_shop_firing_range
D:5:      layout_basic, serial_shops, nicolae_shop_hallway_plus,
          nicolae_hexahallways, serial_bayou_pond_d, grunt_ministairs_13,
          minmay_misc_feat_enclosed
D:6:      layout_loops_ring, gammafunk_temple_overflow_elements
D:7:      layout_cave_pools, mainiacjoe_overflow_brackets, serial_column_ruins,
          column_ruins_columns_corner, column_ruins_columns_straight,
          column_ruins_open_small, column_ruins_open_small,
          nicolae_concentric_dashed_squares_wild
D:8:      layout_basic, xom_teletrap_fun, uniq_maurice
D:9:      layout_cross, david_orc_5, serial_shops, nicolae_square_shop,
          minmay_fountain_box
D:10:     layout_gridville, dpeg_lair_monsters, uniq_nergalle
D:11:     layout_cave_pools, uniq_fannar
Temple:   kb_temple_of_zot
Lair:1:   layout_roguey, nicolae_quartered_pool_impasse,
          kennysheep_abandoned_house, serial_bayou_shore_a
Lair:2:   layout_small_grid, dummy_snake_entry, uniq_erica
Lair:3:   layout_cellular_growth, minmay_swamp_entry_swarm,
          gammafunk_ghost_split, infiniplex_staircase_pool_2
Lair:4:   layout_misc_corridors, minmay_slime_entry_oklob_open,
          portal_ice_cave_entry_pillars_2

Skill      XL: |  1  2  3  4  5  6  7  8  9 10 11 12 13 |
---------------+----------------------------------------+-----
Axes           | 2 3 4 5 7 8 9 10 11 12 14 | 14.0
Throwing       | 1 2 3 4 5 |  5.0
Fighting       | 4 5 7 8 9 10 11 | 11.0
Dodging        | 1 2 |  2.3
Invocations    | 2 4 6 10 | 10.0
Armour         | 4 6 7 8 9 10 | 10.1
Shields        | 4 5 6 7 |  7.0

Action                     |  1- 3 |  4- 6 |  7- 9 | 10-12 | 13-15 || total
---------------------------+-------+-------+-------+-------+-------++-------
  Melee: War axe           |    73 |    99 |   275 |   257 |       ||   704
         Broad axe         |       |       |       |   400 |   231 ||   631
         Morningstar       |       |       |       |       |    18 ||    18
  Throw: Javelin           |    25 |    53 |    26 |    46 |    13 ||   163
         Boomerang         |       |       |     7 |    38 |    21 ||    66
 Invoke: Heroism           |       |       |    13 |    29 |    12 ||    54
         Finesse           |       |       |       |     2 |     3 ||     5
    Use: Scroll            |     4 |     6 |     5 |    10 |     1 ||    26
         Potion            |       |     2 |     3 |     2 |       ||     7
 Armour: Scale mail        |    46 |    27 |       |       |       ||    73
         Chain mail        |       |     6 |   137 |       |       ||   143
         Plate armour      |       |       |    74 |   432 |   227 ||   733
  Dodge: Dodged            |    39 |    34 |   117 |   217 |    97 ||   504
  Block: Buckler           |    17 |    25 |    53 |   138 |    75 ||   308

Table legend:
 A = Non-vault XP
 B = Vault XP
 C = Vault XP percentage of total XP
 D = Non-vault monster count
 E = Vault monster count
 F = Vault count percentage of total count
                 A         B        C        D         E       F
            +---------+---------+-------+---------+---------+-------
      Total |   42624 |    7508 |  15.0 |     325 |      55 |  14.5
            +---------+---------+-------+---------+---------+-------
        D:1 |      21 |       0 |   0.0 |      12 |       0 |   0.0
        D:2 |      69 |       0 |   0.0 |      21 |       0 |   0.0
        D:3 |     114 |       0 |   0.0 |      25 |       0 |   0.0
        D:4 |     284 |      36 |  11.2 |      18 |       1 |   5.3
        D:5 |     592 |      81 |  12.0 |      21 |       2 |   8.7
        D:6 |     691 |       0 |   0.0 |      17 |       0 |   0.0
        D:7 |     625 |       0 |   0.0 |      15 |       0 |   0.0
        D:8 |     806 |     449 |  35.8 |      21 |       1 |   4.5
        D:9 |    2549 |     906 |  26.2 |      26 |      21 |  44.7
       D:10 |    2048 |    3188 |  60.9 |      15 |       6 |  28.6
       D:11 |    1358 |       0 |   0.0 |      13 |       0 |   0.0
     Lair:1 |   10267 |     556 |   5.1 |      43 |      17 |  28.3
     Lair:2 |    1551 |     828 |  34.8 |      12 |       1 |   7.7
     Lair:3 |    6311 |     907 |  12.6 |      22 |       5 |  18.5
     Lair:4 |   15338 |     557 |   3.5 |      44 |       1 |   2.2
            +---------+---------+-------+---------+---------+-------
